 Dungeon Crawl Stone Soup version 0.21.1-1-g345015f (webtiles) character file.

307 sking99 the Cudgeler (level 6, -7/38 HPs)
             Began as a Gargoyle Gladiator on June 21, 2018.
             Mangled by an ogre
             ... wielding a +0 giant club
              (19 damage)
             ... on level 4 of the Dungeon.
             The game lasted 00:10:35 (3158 turns).

sking99 the Cudgeler (Gargoyle Gladiator)           Turns: 3158, Time: 00:10:36

Health: -7/38      AC: 16    Str: 18    XL:     6   Next: 40%
Magic:  6/6        EV:  6    Int:  8    God:
Gold:   217        SH:  0    Dex: 13    Spells: 5/5 levels left

rFire    . . .     SeeInvis .   t - +2 flail (holy)
rCold    . . .     Gourm    .   (no shield)
rNeg     + . .     Faith    .   r - +0 plate armour
rPois    ∞         Spirit   .   c - +0 helmet
rElec    +         Reflect  .   (no cloak)
rCorr    .         Harm     .   (no gloves)
MR       .....                  n - +0 pair of boots
Stlth    ..........             (no amulet)
HPRegen  0.12/turn              (no ring)
MPRegen  0.10/turn              (no ring)

@: no status effects
A: negative energy resistance 1, electricity resistance, unbreathing,
petrification resistance, rot immunity, AC +4
a: no special abilities


You were on level 4 of the Dungeon.
You were not hungry.

You visited 1 branch of the dungeon, and saw 4 of its levels.

You collected 217 gold pieces.

Inventory:

Hand Weapons
 a - a +0 flail
 o - a -1 whip
 t - a +2 flail of holy wrath (weapon)
Missiles
 d - 3 throwing nets (quivered)
Armour
 b - a +0 leather armour
 c - a +0 helmet (worn)
 n - a +0 pair of boots (worn)
 r - a +0 plate armour (worn)
Jewellery
 u - a +3 ring of strength {unknown}
Scrolls
 e - a scroll of immolation
 h - 2 scrolls of amnesia
 i - a scroll of blinking
 j - 2 scrolls of teleportation
 k - a scroll of identify
 l - a scroll of magic mapping
 q - a scroll of enchant weapon {unknown}
Potions
 g - 2 potions of curing
 m - a potion of heal wounds {unknown}
 v - a potion of mutation {unknown}
Comestibles
 f - 6 rations
 p - 12 chunks of flesh


   Skills:
 + Level 4.2 Fighting
 * Level 5.7 Maces & Flails
 - Level 1.9 Throwing
 - Level 0.7 Armour
 - Level 2.6 Dodging


You had 5 spell levels left.
You didn't know any spells.

Dungeon Overview and Level Annotations

Branches:
Dungeon (4/15)
 Temple: D:4-7

Altars:
Ashenzari
Dithmenos
Gozag
Makhleb
Okawaru
Qazlal
Vehumet
Wu Jian
Xom
The Shining One


Innate Abilities, Weirdness & Mutations

You are resistant to torment.
Your stone body is resilient. (AC +4)
You are immune to poison.
You resist negative energy. (rN+)
You are resistant to electric shocks. (rElec)
You can survive without breathing.
You are immune to petrification.
You are immune to rotting.


Message History

You kill the jackal!
An ogre comes into view. It is wielding a giant club.
The ogre shouts!
An ogre is nearby!
There are no items here.
There is an escape hatch in the ceiling here.
Your plate armour prevents you from hitting the ogre.
The ogre hits you but does no damage.
Your plate armour prevents you from hitting the ogre.
The ogre hits you with a giant club!
An adder comes into view.
You hit the ogre.
The ogre is moderately wounded.
The ogre hits you with a giant club!
You closely miss the ogre.
The ogre is moderately wounded.
The ogre barely misses you. The ogre hits you with a giant club!!
Ouch! That really hurt!
You die...

**##.#....,,,,,,,,,,,,,,,
*,,.......**###,,,,,,,..*
#,*#.#...#*...,,,******.*
**#.##.....##.#***,******.#
*,,,..........,,,,,,,,,,,,.
*,#,##......#*****,,,,,,,,.
*,#.#.......# ***,***#,#
*,#......O#S##### *,* #.#
*,##......@.....# *,* #..
*,*#......#.###.# *,* ##.
*,*##...#.#.# *>* *,* #.
*...........###,* *,* #.
*##.<..####...#,* *,* #.
#....###.###..# *,* #.
#.####...# **.#***,* #. #.#
#...# *,..,,,* #. #.# #...#
**.###*** #.


You could see an ogre and an adder.

Vanquished Creatures
  A scorpion (D:4)
  A hound (D:4)
  2 orc wizards (D:3)
  6 adders
  An ooze (D:2)
  2 worms (D:4)
  4 dart slugs
  3 leopard geckos
  16 orcs
  3 ball pythons
  3 giant cockroaches
  4 goblins
  8 hobgoblins
  12 jackals
  2 quokkas
  4 bats
  3 frilled lizards
  3 kobolds
  2 quokka skeletons (D:4)
  6 rats
86 creatures vanquished.

Notes
Turn   | Place    | Note
-------+----------+-------------------------------------------
     0 | D:1      | sking99 the Gargoyle Gladiator began the quest for the Orb.
     0 | D:1      | Reached XP level 1. HP: 12/12 MP: 1/1
   169 | D:1      | Reached XP level 2. HP: 17/17 MP: 2/2
   777 | D:1      | Reached XP level 3. HP: 22/22 MP: 3/3
  1099 | D:2      | Reached XP level 4. HP: 26/27 MP: 4/4
  1169 | D:2      | Found a shattered altar of Ashenzari.
  1206 | D:2      | Reached skill level 4 in Maces & Flails
  1845 | D:3      | Reached XP level 5. HP: 26/32 MP: 5/5
  2001 | D:3      | Reached skill level 5 in Maces & Flails
  2894 | D:4      | Found a radiant altar of Vehumet.
  2904 | D:4      | Reached XP level 6. HP: 38/38 MP: 6/6
  2905 | D:4      | Found a shattered altar of Ashenzari.
  2906 | D:4      | Found a shimmering altar of Xom.
  2906 | D:4      | Found an ornate altar of the Wu Jian Council.
  2906 | D:4      | Found an iron altar of Okawaru.
  2906 | D:4      | Found a stormy altar of Qazlal.
  2908 | D:4      | Found an opulent altar of Gozag.
  2909 | D:4      | Found a burning altar of Makhleb.
  2910 | D:4      | Found a shadowy altar of Dithmenos.
  2911 | D:4      | Found a glowing golden altar of the Shining One.
  3158 | D:4      | Mangled by an ogre

Skill      XL: |  1  2  3  4  5 |
---------------+----------------+-----
Maces & Flails | 4 5 |  5.7
Fighting       | 3 4 |  4.2
Throwing       | |  1.9
Armour         | |  0.7
Dodging        | |  2.6

Action                   |  1- 3 |  4- 6 || total
-------------------------+-------+-------++-------
Melee: Flail             |    68 |   244 ||   312
       Whip              |       |    21 ||    21
  Use: Scroll            |       |     9 ||     9
  Eat: Chunk             |     1 |     3 ||     4
       Ration            |       |     1 ||     1
Armor: Leather armour    |    30 |     5 ||    35
       Plate armour      |       |   207 ||   207
Dodge: Dodged            |    56 |   100 ||   156
